 Dungeon Crawl Stone Soup version 0.29.1-15-g9cfb28693d (webtiles) character file.

Game seed: 3743856428341701579

13 leafyfresh the Sneak (level 2, -4/21 HPs)
             Began as an Octopode Delver on Feb 24, 2023.
             Slain by a black bear (6 damage)
             ... on level 4 of the Dungeon.
             The game lasted 00:00:43 (446 turns).

leafyfresh the Sneak (Octopode Delver)               Turns: 446, Time: 00:00:45

Health: -4/21      AC:  1    Str: 11    XL:     2   Next: 37%
Magic:  2/2        EV: 13    Int: 12    God:
Gold:   12         SH:  0    Dex: 13    Spells: 1/1 levels left

rFire   . . .      SeeInvis .   a - +0 short sword
rCold   . . .      Faith    .   (no shield)
rNeg    . . .      Spirit   .   (helmet restricted)
rPois   .          Reflect  .   (no amulet)
rElec   .          Harm     .   (no ring)
rCorr   .          Rampage  .   (no ring)
Will    .....                   (no ring)
Stlth   ++++......              (no ring)
HPRegen 0.07/turn               (no ring)
MPRegen 0.08/turn               (no ring)
                                (no ring)
                                (no ring)

@: no status effects
A: almost no armour, amphibious, 8 rings, camouflage 1, gelatinous body 1,
(nimble swimmer 1), tentacles
a: no special abilities


You were on level 4 of the Dungeon.
You visited 1 branch of the dungeon, and saw 2 of its levels.

You collected 12 gold pieces.

Inventory:

Hand Weapons
 a - a +0 short sword (weapon)
Wands
 f - a wand of digging (3)
 g - a wand of mindburst (7)
Scrolls
 b - a scroll of fog
 c - a scroll of magic mapping
 d - a scroll of fear
Potions
 e - a potion of haste
 h - a potion of heal wounds {unknown}


   Skills:
 - Level 3.1 Fighting
 - Level 2.2 Short Blades
 - Level 2.2 Dodging
 + Level 6.9 Stealth


You had one spell level left.
You didn't know any spells.
Your spell library was empty.

Dungeon Overview and Level Annotations

Branches:
Dungeon (5/15)
 Temple: D:4-7

Altars:


Innate Abilities, Weirdness & Mutations

You cannot wear most types of armour.
You are amphibious.
You can wear up to eight rings at the same time.
Your skin changes colour to match your surroundings (Stealth+).
Your rubbery body absorbs attacks. (AC +1, EV +1)
((You are camouflaged when in or above water. (Stealth+)))
You have tentacles for arms and can constrict up to eight enemies at once.


Message History

A worm is nearby!
You hit the worm but do no damage.
The worm is lightly wounded.
You constrict the worm. The worm bites you!
A worm is nearby!
You hit the worm.
The worm is moderately wounded.
You constrict the worm.
A worm is nearby!
You hit the worm.
The worm is heavily wounded.
You constrict the worm. The worm barely misses you.
A worm is nearby!
You hit the worm. You squeeze the worm.
You kill the worm!
A black bear comes into view.
Found a stone staircase leading down.
A black bear is nearby!
A black bear is nearby!
You hit the black bear. You grab the black bear. You squeeze the black bear.
The black bear is lightly wounded.
You constrict the black bear. The black bear bites you.
The black bear claws you. The black bear barely misses you.
You hit the black bear. You squeeze the black bear!
The black bear is heavily wounded.
You constrict the black bear, but do no damage.
A black bear is nearby!
You hit the black bear but do no damage.
You squeeze the black bear.
The black bear is severely wounded.
You constrict the black bear.
The black bear goes berserk!
A black bear is nearby!
A black bear is nearby!
You hit the black bear.
The black bear is almost dead.
You constrict the black bear. The black bear misses you.
The black bear claws you. x2; The black bear bites you.
* * * LOW HITPOINT WARNING * * *
The black bear claws you.
You die...

##.##############.# ###
#........[.......###..
##.#.##########.#.#.## #####..†#
#......####.
#)......##########...........
#.##....................####
#.###...#####.####....w.# ####.#
#..## #.# #......##
.....###..######@##...#####w###
####...........#h##.#####.....##
#.##.#.####.#>##) ##.†^..^.##
#.##.#... #.## #.^.>....^#
#.##.##### ..# #.^.....^.# #
#.##.# ### #...^.^..... # #.....
#.?....^w..# # ####..
##....^....# # #.. ##^.!.^.^##


You could see a black bear (berserk).

Vanquished Creatures
  3 worms (D:4)
  2 goblins (D:4)
5 creatures vanquished.

Notes
Turn   | Place    | Note
-------+----------+-------------------------------------------
     0 | D:5      | leafyfresh the Octopode Delver began the quest for the Orb.
     0 | D:5      | Reached XP level 1. HP: 16/16 MP: 1/1
    47 | D:5      | Noticed a phantom
    48 | D:5      | Noticed a hound
   297 | D:4      | Reached XP level 2. HP: 19/21 MP: 2/2
   439 | D:4      | Noticed a black bear
   446 | D:4      | Slain by a black bear

Illustrated notes

Levels and vault maps discovered:
D:4:      layout_loops_ring, nicolae_stop_n_shop_2, nicolae_wormholes
D:5:      layout_loops_ring, serial_shops, nicolae_square_shop,
          uniq_crazy_yiuf_cottage

Action                   || total
-------------------------++-------
Melee: Short sword       ||    16
       Tentacles         ||     5
       Constrict         ||     3
 Stab: Sleeping          ||     3
Dodge: Dodged            ||     5
